 Dungeon Crawl Stone Soup version 0.20.1-1-g8b1a95d (webtiles) character file.

113632 delete the Executioner (level 16, -3/152 HPs)
             Began as a Hill Orc Berserker on July 10, 2017.
             Was the Champion of Trog.
             Slain by a golden dragon simulacrum (25 damage)
             ... in an ice cave.
             The game lasted 01:01:37 (27350 turns).

delete the Executioner (Hill Orc Berserker)        Turns: 27350, Time: 01:01:37

Health: -3/152     AC: 25    Str: 22    XL:     16   Next: 63%
Magic:  16/16      EV: 11    Int:  7    God:    Trog [******]
Gold:   1462       SH:  0    Dex: 15    Spells: 15/15 levels left

rFire    . . .     SeeInvis +   T - +6 executioner's axe "Puraganedo" {freeze, *Rage *Drain +Fly rPois}
rCold    . . .     Gourm    .   (shield currently unavailable)
rNeg     . . .     Faith    +   y - +4 scale mail
rPois    +         Spirit   .   v - +1 helmet
rElec    .         Reflect  .   m - +2 cloak
rCorr    .         Harm     .   u - +1 pair of gloves
MR       +++..     Rnd*Rage +   j - +1 pair of boots {Fly}
Stlth    +.........             G - amulet of faith
Regen    1.4/turn               Z - ring of see invisible
MPRegen  0.2/turn               a - ring of stealth

@: flying, regenerating
A: no striking features
a: Berserk, Trog's Hand, Brothers in Arms, Burn Spellbooks, Renounce Religion,
Stop Flying


You were in an ice cave.
You worshipped Trog.
Trog was exalted by your worship.
You were not hungry.

You visited 4 branches of the dungeon, and saw 25 of its levels.
You also visited: Ice Cave.

You collected 2220 gold pieces.
You spent 758 gold pieces at shops.

Inventory:

Hand Weapons
 z - a +3 battleaxe of flaming
 L - the +6 war axe of Uskayaw's Generosity {drain, rPois}
   (You found it on level 9 of the Dungeon)

   A truly terrible weapon, it drains the life of those it strikes.
   It protects you from poison.
 N - a +3 executioner's axe of flaming
 T - the +6 executioner's axe "Puraganedo" (weapon) {freeze, *Rage *Drain +Fly rPois}
   (Trog gifted it to you on level 15 of the Dungeon)

   It has been specially enchanted to freeze those struck by it, causing extra
   injury to most foes and up to half again as much damage against particularly
   susceptible opponents.
   It can also slow down cold-blooded creatures.
   It protects you from poison.
   It lets you fly.
   It may make you go berserk in combat.
   It causes draining when unequipped.
 X - a +2 antimagic executioner's axe
Missiles
 g - 585 stones (quivered)
 B - 5 silver javelins
 R - 4 javelins
Armour
 j - a +1 pair of boots of flying (worn)
 m - a +2 cloak (worn)
 n - a +1 cloak of invisibility
 q - a +2 hat
 u - a +1 pair of gloves (worn)
 v - a +1 helmet (worn)
 y - a +4 scale mail (worn)
 O - the -1 helmet of Daffodils {rElec Str-3 Int+8 SInv}
   (You bought it in a shop on level 2 of the Orcish Mines)

   It affects your strength (-3).
   It affects your intelligence (+8).
   It insulates you from electricity.
   It lets you see invisible.
Jewellery
 a - a ring of stealth (right hand)
 c - a cursed amulet of inaccuracy
 D - an uncursed ring of magical power
 E - a +2 ring of intelligence
 G - an amulet of faith (around neck)
 I - an uncursed ring of magical power
 K - an uncursed ring of poison resistance
 S - the ring "Ruasch" {*Tele Str+4 Slay+2}
   (You found it on level 6 of the Lair of Beasts)

   [ring of teleportation]

   It may teleport you next to monsters.
   It affects your strength (+4).
   It affects your accuracy and damage with ranged weapons and melee attacks
   (+2).
 Z - a ring of see invisible (left hand)
Wands
 o - a wand of confusion (26/48)
 p - a wand of acid (5/15)
 t - a wand of digging (18/24)
 x - a wand of digging (16/24)
 H - a wand of flame (25/48)
 Y - a wand of random effects (13/48)
Scrolls
 b - 9 scrolls of fog
 e - 7 scrolls of remove curse
 k - 8 scrolls of teleportation
 s - a scroll of magic mapping
 Q - 4 scrolls of enchant weapon
Potions
 d - 3 potions of cancellation
 h - 12 potions of curing
 i - 2 potions of ambrosia
 r - a potion of heal wounds
 w - 5 potions of brilliance
 A - 3 potions of haste
 F - a potion of agility
 M - 6 potions of might
Comestibles
 f - 4 meat rations
 l - 18 royal jellies
 J - 11 fruits
 P - 10 bread rations


   Skills:
 - Level 16.5 Fighting
 + Level 23.5 Axes
 - Level 15.3 Armour
 - Level 1.5 Dodging


You had 15 spell levels left.
You didn't know any spells.

Dungeon Overview and Level Annotations

Branches:
Dungeon (15/15)            Temple (0/1) D:6            Lair (6/6) D:10
 Spider (2/4) Lair:3        Slime (0/5) Lair:6          Orc (2/2) D:9
    Elf (0/3) Orc:2        Vaults (0/5) D:13         Depths (0/5) D:15
  Swamp: Lair:2-4    Shoals: Lair:2-4

Altars:
Ashenzari
Gozag
Kikubaaqudgha
Makhleb
Nemelex Xobeh
Okawaru
Qazlal
Ru
Sif Muna
Yredelemnul
Zin
Beogh
Jiyva

Shops:
D:5 (=*   Orc:2 :[*(

Portals:
Trove: D:14 (give +2 storm dragon scales)

Annotations:
Lair:2 1 exclusion
Spider:1 Azrael IceCv exclusion: 5 ice statues


Message History

Unknown command.
Unknown command.
Unknown command.
The harpy simulacrum claws you! The harpy simulacrum freezes you!
The harpy simulacrum claws you but does no damage.
The golden dragon simulacrum bites you but does no damage.
The golden dragon simulacrum claws you but does no damage.
The golden dragon simulacrum barely misses you.
Unknown command.
Unknown command.
The harpy simulacrum claws you but does no damage. x2
The anaconda simulacrum constricts you but does no damage.
The anaconda simulacrum bites you but does no damage.
The golden dragon simulacrum bites you!!
The golden dragon simulacrum freezes you!!!
* * * LOW HITPOINT WARNING * * *
The golden dragon simulacrum claws you.
* * * LOW HITPOINT WARNING * * *
The golden dragon simulacrum freezes you!!
You die...

####### #########
#=$?..## ##8...8#.(
#$@Zu..###......#).
#.ZZY...#....§§.#§.
#....Z..#.Y..Y§§#.§
#[......8....YY§§§.
#.......#....§§T#§.
#.......#....§§.#..
#(.....###.Y....#..
#}?$..## ##8...8#).
####### #########


You could see a white very ugly thing, an ice statue, an ice beast, an anaconda
simulacrum, a six-headed hydra simulacrum, a golden dragon simulacrum and a
harpy simulacrum.

Vanquished Creatures
  An orc warlord (Orc:1)
  A very ugly thing (IceCv)
  Snorg (Orc:2)
  2 ogre magi
  The ghost of p0werm0de the Fighter, a journeyman DsBe of Trog (D:11)
  7 hydras
  Erolcha (D:13)
  11 two-headed ogres
  Erica (Orc:1)
  A catoblepas (D:15)
  A merfolk avatar (Lair:6)
  A death knight (D:15)
  5 centaur warriors
  4 death yaks
  A tengu warrior (D:9)
  Urug (Lair:2)
  An orc high priest (Orc:2)
  A sea snake (Lair:6)
  2 skeletal warriors (D:15)
  3 unseen horrors
  A wizard (D:14)
  3 harpies (Lair:6)
  A tengu zombie (D:15)
  A necromancer (D:15)
  2 phantasmal warriors (D:15)
  An orb spider (Spider:2)
  A deep elf mage (D:13)
  A fire giant zombie (D:15)
  2 orc knights
  An orc sorcerer (Orc:2)
  A wolf spider (Spider:1)
  A stone giant zombie (D:15)
  The ghost of doot the Poker, a novice DsGl of Hepliaklqana (D:7)
  5 ugly things
  2 manticores (D:13)
  2 cyclopes
  5 elephants (Lair:6)
  A black mamba (shapeshifter) (D:15)
  A black mamba (Lair:4)
  2 gargoyles
  A spiny frog (shapeshifter) (D:13)
  2 freezing wraiths (D:15)
  10 spiny frogs
  5 komodo dragons
  A rime drake (Lair:6)
  2 anaconda simulacra (IceCv)
  4 kobold demonologists
  A guardian mummy (D:15)
  8 trolls
  A hornet (Lair:6)
  A polar bear (shapeshifter) (D:15)
  A jumping spider (Spider:2)
  3 meliai (D:15)
  7 polar bears
  A blink frog (shapeshifter) (D:13)
  A meliai zombie (D:15)
  A spriggan zombie (D:15)
  11 slime creatures
  A wind drake (Lair:6)
  16 blink frogs
  7 hippogriffs
  9 redbacks
  4 vampires
  3 wyverns
  A dire elephant simulacrum (IceCv)
  A shadow (D:14)
  2 wraiths
  26 yaks
  2 basilisks
  A steam dragon (D:13)
  4 hungry ghosts
  5 wargs
  A harpy simulacrum (IceCv)
  8 porcupines
  2 hell hounds (Spider:1)
  Duvessa (D:4)
  16 water moccasins
  21 orc warriors
  10 ice beasts
  An ettin simulacrum (IceCv)
  2 eyes of draining
  4 sky beasts
  3 phantoms
  2 necrophages
  11 ogres
  7 centaurs
  9 wolves (Lair:3)
  11 crocodiles
  6 big kobolds
  23 bullfrogs
  Dowan (D:4)
  5 gnoll sergeants
  A wyvern zombie (D:13)
  6 scorpions
  5 killer bees (D:11)
  4 howler monkeys
  3 bullfrog zombies
  6 crimson imps
  7 centaur zombies
  Crazy Yiuf (D:2)
  6 hounds
  4 jellies
  2 bullfrog skeletons
  18 orc priests
  2 gnoll shamans (D:9)
  30 orc wizards
  4 centaur skeletons
  3 iguanas
  8 worker ants
  2 hell rats (Lair:6)
  A killer bee zombie (D:6)
  3 hound skeletons
  24 gnolls
  A howler monkey skeleton (D:5)
  8 adders
  8 river rats (Lair:6)
  4 shadow imps
  7 oozes
  3 adder skeletons
  4 worms
  2 dart slugs
  3 leopard geckos
  72 orcs
  4 bats (D:1)
  6 giant cockroaches
  12 goblins
  7 hobgoblins
  8 jackals
  6 quokkas
  A ball python (D:4)
  5 frilled lizards
  A giant cockroach zombie (D:3)
  24 kobolds
  A leopard gecko zombie (D:5)
  2 quokka skeletons
  3 quokka zombies
  9 rats
  2 fungi (Lair:5)
  2 plants
  A withered plant (D:15)
715 creatures vanquished.

Vanquished Creatures (collateral kills)
  A spark wasp (Spider:2)
  A hydra (Lair:6)
  2 orc knights (Orc:2)
  An orc sorcerer (Orc:2)
  A cyclops (Orc:2)
  A black mamba (Lair:1)
  A jumping spider (Spider:2)
  A redback (Spider:2)
  A steam dragon (Lair:1)
  A warg (Orc:2)
  3 orc warriors (Orc:2)
  A crocodile (Lair:1)
  2 orc priests (Orc:2)
  3 orc wizards (Orc:2)
  2 orcs (Orc:2)
22 creatures vanquished.

Vanquished Creatures (others)
  A cyclops (D:13)
  An orc sorcerer (Orc:2)
  An orc wizard (D:3)
  5 fungi
  5 plants
13 creatures vanquished.

Grand Total: 750 creatures vanquished

Notes
Turn   | Place    | Note
-------+----------+-------------------------------------------
     0 | D:1      | delete the Hill Orc Berserker began the quest for the Orb.
     0 | D:1      | Reached XP level 1. HP: 19/19 MP: 1/1
   311 | D:1      | Reached XP level 2. HP: 24/26 MP: 2/2
   415 | D:1      | Reached skill level 5 in Axes
   822 | D:1      | Reached XP level 3. HP: 23/31 MP: 3/3
  1654 | D:2      | Reached ** piety under Trog
  1654 | D:2      | Reached skill level 6 in Axes
  1656 | D:2      | Reached XP level 4. HP: 39/39 MP: 4/4
  2040 | D:2      | Found a sparkling altar of Nemelex Xobeh.
  2058 | D:2      | Reached skill level 7 in Axes
  2583 | D:2      | Reached XP level 5. HP: 38/45 MP: 5/5
  3105 | D:2      | Found a runed door.
  3186 | D:2      | Noticed Crazy Yiuf
  3191 | D:2      | Killed Crazy Yiuf
  3353 | D:3      | Found a glowing silver altar of Zin.
  3372 | D:3      | Reached skill level 8 in Axes
  3614 | D:3      | Noticed a phantom
  3644 | D:3      | Killed a phantom
  3644 | D:3      | Reached skill level 9 in Axes
  3644 | D:3      | Reached XP level 6. HP: 35/51 MP: 6/6
  3899 | D:3      | Found a stormy altar of Qazlal.
  3903 | D:3      | Noticed a water elemental
  3906 | D:3      | Noticed an air elemental
  3906 | D:3      | Noticed a fire elemental
  4137 | D:4      | Found a sacrificial altar of Ru.
  4137 | D:4      | Found a basalt altar of Yredelemnul.
  4339 | D:4      | Reached *** piety under Trog
  4342 | D:4      | Reached XP level 7. HP: 60/60 MP: 7/7
  4347 | D:4      | Noticed Duvessa
  4350 | D:4      | Noticed Dowan
  4433 | D:4      | Reached skill level 5 in Fighting
  4626 | D:4      | Killed Duvessa
  4648 | D:4      | Killed Dowan
  5223 | D:5      | Entered Level 5 of the Dungeon
  5229 | D:5      | Reached skill level 5 in Armour
  5234 | D:5      | Reached XP level 8. HP: 53/71 MP: 8/8
  5827 | D:5      | Found a burning altar of Makhleb.
  5839 | D:5      | Found Riadd's Assorted Antiques.
  5959 | D:5      | Found Kaisify's Jewellery Boutique.
  6064 | D:5      | Found Romeseos's Antique Weapon Emporium.
  6824 | D:6      | Found a staircase to the Ecumenical Temple.
  6830 | D:6      | Reached **** piety under Trog
  6953 | D:6      | Reached XP level 9. HP: 54/82 MP: 9/9
  7616 | D:6      | Found an iron altar of Okawaru.
  7647 | D:7      | Noticed doot's ghost (novice DsGl)
  7663 | D:7      | Killed doot's ghost
  7663 | D:7      | Reached skill level 10 in Axes
  7818 | D:7      | Found a sacrificial altar of Ru.
  8164 | D:7      | Found an opulent altar of Gozag.
  8196 | D:7      | Found a deep blue altar of Sif Muna.
  8706 | D:8      | Found a shattered altar of Ashenzari.
  8720 | D:8      | Reached skill level 11 in Axes
  9138 | D:8      | Reached ***** piety under Trog
  9238 | D:8      | Reached skill level 12 in Axes
  9668 | D:9      | Noticed a tengu warrior
  9682 | D:9      | Killed a tengu warrior
  9682 | D:9      | Reached skill level 13 in Axes
  9682 | D:9      | Reached XP level 10. HP: 91/91 MP: 10/10
  9744 | D:9      | Found a staircase to the Orcish Mines.
  9926 | D:9      | Reached skill level 14 in Axes
 10011 | D:9      | Got a jewelled war axe
 10015 | D:9      | Identified the +6 war axe of Uskayaw's Generosity {drain, rPois} (You found it on level 9 of the Dungeon)
 10262 | D:9      | Noticed a centaur warrior
 10265 | D:9      | Noticed a two-headed ogre
 10271 | D:9      | Killed a centaur warrior
 10271 | D:9      | Reached skill level 15 in Axes
 10282 | D:9      | Killed a two-headed ogre
 10546 | D:9      | Reached skill level 16 in Axes
 10628 | D:9      | Found an ancient bone altar of Kikubaaqudgha.
 10767 | D:10     | Entered Level 10 of the Dungeon
 10881 | D:10     | Noticed a two-headed ogre
 10890 | D:10     | Killed a two-headed ogre
 10890 | D:10     | Reached XP level 11. HP: 81/99 MP: 11/11
 10927 | D:10     | Found a staircase to the Lair.
 11102 | D:10     | Reached skill level 10 in Fighting
 11441 | Lair:1   | Entered Level 1 of the Lair of Beasts
 11923 | Lair:1   | Noticed a five-headed hydra
 11937 | Lair:1   | Killed a 12-headed hydra
 11937 | Lair:1   | Reached skill level 10 in Armour
 12826 | Lair:2   | Noticed Urug
 12846 | Lair:2   | Killed Urug
 12880 | Lair:2   | Reached XP level 12. HP: 80/112 MP: 12/12
 13282 | Lair:3   | Noticed an eight-headed hydra
 13297 | Lair:3   | Killed a 17-headed hydra
 13560 | Lair:3   | Found a hole to the Spider Nest.
 14061 | Lair:4   | Reached ****** piety under Trog
 14579 | Lair:4   | Noticed a death yak
 14579 | Lair:4   | Noticed a death yak
 14580 | Lair:4   | Noticed a death yak
 14594 | Lair:4   | Killed a death yak
 14600 | Lair:4   | Killed a death yak
 14601 | Lair:4   | Killed a death yak
 15296 | Lair:5   | Received a gift from Trog
 15524 | Lair:5   | Noticed a six-headed hydra
 15537 | Lair:5   | Killed a ten-headed hydra
 15537 | Lair:5   | Reached XP level 13. HP: 125/125 MP: 13/13
 16261 | Lair:6   | Entered Level 6 of the Lair of Beasts
 16368 | Lair:6   | Reached skill level 15 in Fighting
 16807 | Lair:6   | Found a staircase to the Slime Pits.
 16807 | Lair:6   | Found a viscous altar of Jiyva.
 16900 | Lair:6   | Got a clouded bronze ring
 16906 | Lair:6   | Identified the ring "Ruasch" {*Tele Str+4 Slay+2} (You found it on level 6 of the Lair of Beasts)
 17020 | Lair:6   | Received a gift from Trog
 17168 | Lair:6   | Reached skill level 17 in Axes
 17168 | Lair:6   | Reached XP level 14. HP: 57/137 MP: 14/14
 18024 | D:11     | Noticed p0werm0de's ghost (journeyman DsBe)
 18043 | D:11     | Killed p0werm0de's ghost
 18203 | D:11     | Reached skill level 15 in Armour
 18409 | D:11     | Reached XP level 15. HP: 136/145 MP: 15/15
 18786 | D:11     | Received a gift from Trog
 19388 | D:12     | Reached skill level 18 in Axes
 19800 | D:13     | Found a gate to the Vaults.
 20085 | D:13     | Reached skill level 19 in Axes
 20752 | D:13     | Noticed Erolcha
 20759 | D:13     | Killed Erolcha
 20813 | D:13     | Received a gift from Trog
 21268 | Orc:1    | Entered Level 1 of the Orcish Mines
 21268 | Orc:1    | Noticed Erica
 21281 | Orc:1    | Killed Erica
 21746 | Orc:2    | Entered Level 2 of the Orcish Mines
 21808 | Orc:2    | Reached skill level 20 in Axes
 21815 | Orc:2    | Noticed an orc warlord
 22094 | Orc:1    | Killed an orc warlord
 22231 | Orc:2    | Received a gift from Trog
 22237 | Orc:2    | Found a roughly hewn altar of Beogh.
 22256 | Orc:2    | Found Sosuazuf's Antique Armour Boutique.
 22268 | Orc:2    | Found Otielecu's Book Boutique.
 22274 | Orc:2    | Found Ismugg's General Store.
 22285 | Orc:2    | Found Tamac's Antique Weapon Boutique.
 22426 | Orc:2    | Noticed Snorg
 22436 | Orc:2    | Killed Snorg
 22611 | Orc:2    | Found a roughly hewn altar of Beogh.
 22613 | Orc:2    | Paralysed by an orc sorcerer for 2 turns
 22730 | Orc:2    | Found a staircase to the Elven Halls.
 22910 | Orc:2    | Bought an ichor-stained helmet for 294 gold pieces
 22920 | Orc:2    | Identified the cursed -1 helmet of Daffodils {rElec Str-3 Int+8 SInv} (You bought it in a shop on level 2 of the Orcish Mines)
 22931 | Orc:2    | Bought a pair of glowing boots for 232 gold pieces
 22940 | Orc:2    | Bought a shiny helmet for 232 gold pieces
 23173 | D:14     | Received a gift from Trog
 23298 | D:14     | Reached skill level 21 in Axes
 23396 | D:14     | Reached XP level 16. HP: 108/152 MP: 16/16
 23677 | D:14     | Reached skill level 22 in Axes
 23726 | D:14     | Received a gift from Trog
 24418 | D:14     | Found a portal to a secret trove of treasure.
 24590 | D:15     | Entered Level 15 of the Dungeon
 24680 | D:15     | Received a gift from Trog
 24685 | D:15     | Got a polished executioner's axe {god gift}
 24686 | D:15     | Identified the +6 executioner's axe "Puraganedo" {freeze, *Rage *Drain +Fly rPois} (Trog gifted it to you on level 15 of the Dungeon)
 24787 | D:15     | Found a staircase to the Depths.
 25302 | D:15     | HP: 7/228 [skeletal warrior/mace of protection[a death knight] (12)]
 25303 | D:15     | HP: 2/228 [death knight/glaive (6)]
 25915 | D:15     | Reached skill level 23 in Axes
 26786 | Spider:1 | Entered Level 1 of the Spider Nest
 26786 | Spider:1 | Noticed Azrael
 26811 | Spider:2 | Received a gift from Trog
 26848 | Spider:2 | Found a frozen archway.
 26876 | IceCv    | Entered an ice cave
 27350 | IceCv    | Slain by a golden dragon simulacrum

Skill      XL: |  1  2  3  4  5  6  7  8  9 10 11 12 13 14 15 16 |
---------------+-------------------------------------------------+-----
Axes           | 5 6 7 9 13 16 17 21 23 | 23.5
Fighting       | 4 6 8 9 12 14 16 | 16.5
Armour         | 3 5 7 8 11 13 14 15 | 15.3
Dodging        | |  1.5

Action                   |  1- 3 |  4- 6 |  7- 9 | 10-12 | 13-15 | 16-18 || total
-------------------------+-------+-------+-------+-------+-------+-------++-------
Melee: Hand axe          |   117 |   215 |   495 |       |       |       ||   827
       War axe           |       |       |       |   385 |   876 |   129 ||  1390
       Battleaxe         |       |       |       |    42 |       |       ||    42
       Executioner's axe |       |       |       |       |       |   143 ||   143
Throw: Stone             |     2 |       |       |       |       |       ||     2
Invok: Berserk           |     2 |     3 |     8 |     7 |     9 |     3 ||    32
       Burn Spellbooks   |       |       |     2 |     3 |     1 |     1 ||     7
       Brothers in Arms  |       |       |       |     2 |     2 |     2 ||     6
       Trog's Hand       |       |       |       |       |     1 |     3 ||     4
Evoke: Wand              |       |       |       |       |       |     1 ||     1
  Use: Scroll            |     1 |     4 |     8 |     4 |    14 |     6 ||    37
       Potion            |       |       |     3 |     1 |     5 |     7 ||    16
 Stab: Sleeping          |     1 |       |       |       |       |       ||     1
  Eat: Chunk             |     3 |    12 |     6 |    15 |    21 |     4 ||    61
       Bread ration      |       |       |     4 |     2 |       |       ||     6
       Meat ration       |       |       |       |     1 |     4 |     3 ||     8
Armor: Animal skin       |    15 |     6 |       |       |       |       ||    21
       Ring mail         |       |    36 |     3 |       |       |       ||    39
       Plate armour      |       |       |    38 |       |       |       ||    38
       Scale mail        |       |       |   166 |   223 |   427 |   210 ||  1026
Dodge: Dodged            |    62 |    87 |   166 |   227 |   380 |   150 ||  1072
